BSA
CHICAGO MACHINE @ ST. LOUIS BROWNS
07/16/2027
 
TOP OF THE 1ST
Chicago Machine batting - Pitching for St. Louis Browns : LHP Bernardo Miranda
Pitching: LHP Bernardo Miranda
Batting: RHB Paul Swift 0-0: Called Strike
0-1: Foul Ball, location: 2F
0-2: Ball
1-2: Ground out 3-1 (Groundball, 34)
Batting: SHB Edward Bartlett 0-0: Called Strike
0-1: Ball
1-1: Ball
2-1: Ground out 6-3 (Groundball, 6)
Batting: RHB Doug Stephens 0-0: Ball
1-0: Called Strike
1-1: Foul Ball, location: 2F
1-2: Ball
2-2: Foul Ball, location: 2F
2-2: SINGLE (Line Drive, 6M)
Batting: RHB Matt Doyle 0-0: Foul Ball, location: 2F
0-1: Swinging Strike
0-2: Ball
Passed Ball!
Doug Stephens to second
1-2: Ball
2-2: Strikes out swinging
Top of the 1st over - 0 run(s), 1 hit(s), 0 error(s), 1 left on base; Chicago 0 - St. Louis 0
BOTTOM OF THE 1ST
St. Louis Browns batting - Pitching for Chicago Machine : RHP Zózimo Pascoal
Pitching: RHP Zózimo Pascoal
Batting: SHB Ryobe Yamamoto 0-0: SINGLE (Groundball, 15) (infield hit)
Batting: RHB Anthony Rucker 0-0: Called Strike
0-1: Ball
1-1: Called Strike
1-2: Ball
2-2: Foul Ball, location: 2F
2-2: Grounds into double play, 4-6-3 (Groundball, 4M)
Batting: LHB Stan Hickman 0-0: Foul Ball, location: 2F
0-1: Foul Ball, location: 2F
0-2: Ball
1-2: Ground out 4-3 (Groundball, 4D)
Bottom of the 1st over - 0 run(s), 1 hit(s), 0 error(s), 0 left on base; Chicago 0 - St. Louis 0
TOP OF THE 2ND
Chicago Machine batting - Pitching for St. Louis Browns : LHP Bernardo Miranda
Batting: LHB Kiyonaga Morita 0-0: Called Strike
0-1: Ball
1-1: Swinging Strike
1-2: Fly out, F8 (Flyball, 8LM)
Batting: SHB Joaquín López 0-0: Ball
1-0: Ball
2-0: Ball
3-0: Foul Ball, location: 2F
3-1: Foul Ball, location: 2F
3-2: Foul Ball, location: 2F
3-2: Foul Ball, location: 2F
3-2: Strikes out swinging
Batting: SHB Jesús Ramírez 0-0: Ball
1-0: Foul Ball, location: 2F
1-1: Foul Ball, location: 2F
1-2: Strikes out looking
Top of the 2nd over - 0 run(s), 0 hit(s), 0 error(s), 0 left on base; Chicago 0 - St. Louis 0
BOTTOM OF THE 2ND
St. Louis Browns batting - Pitching for Chicago Machine : RHP Zózimo Pascoal
Batting: LHB Jorge Torres 0-0: Ball
1-0: SINGLE (Groundball, 56D)
Batting: LHB Robin Hill 0-0: Foul Ball, location: 2F
0-1: Foul Ball, location: 2F
0-2: Foul Ball, location: 2F
0-2: Ball
1-2: Ball
2-2: Foul Ball, location: 2F
2-2: Grounds out, U3 (Groundball, 3L)
Batting: RHB Mario Rosales 0-0: Ball
1-0: Called Strike
1-1: Ball
2-1: Ball
3-1: Fly out, F9 (Flyball, 89M)
Batting: RHB R.J. Parker 0-0: Ball
1-0: Ball
2-0: Ball
3-0: Base on Balls
Batting: RHB José Flores 0-0: Called Strike
0-1: Ball
1-1: Foul Ball, location: 2F
1-2: Ball
2-2: Strikes out swinging
Bottom of the 2nd over - 0 run(s), 1 hit(s), 0 error(s), 2 left on base; Chicago 0 - St. Louis 0
TOP OF THE 3RD
Chicago Machine batting - Pitching for St. Louis Browns : LHP Bernardo Miranda
Batting: RHB Robert Downing 0-0: Ball
1-0: Foul Ball, location: 2F
1-1: Foul Ball, location: 2F
1-2: Fly out, F9 (Flyball, 89M)
Batting: RHB Luis Martínez 0-0: Ball
1-0: Ball
2-0: Swinging Strike
2-1: Ball
3-1: Base on Balls
Batting: RHB Paul Swift 0-0: Foul Ball, location: 2F
0-1: Swinging Strike
0-2: Foul Ball, location: 2F
0-2: Foul Ball, location: 2F
0-2: Foul Ball, location: 2F
0-2: Foul Ball, location: 2F
0-2: Ball
1-2: SINGLE (Groundball, 56S) (infield hit)
Luis Martínez to second
Batting: SHB Edward Bartlett 0-0: Foul Ball, location: 2F
0-1: Ball
1-1: Fly out, F4 (Line Drive, 4D)
Batting: RHB Doug Stephens 0-0: Foul Ball, location: 2F
0-1: Ball
1-1: Foul Ball, location: 2F
1-2: DOUBLE (Flyball, 78M)
Luis Martínez scores
Paul Swift to third
Batting: RHB Matt Doyle 0-0: Ball
1-0: Foul Ball, location: 2F
1-1: Foul Ball, location: 2F
1-2: Fly out, F7 (Flyball, 7S)
Top of the 3rd over - 1 run(s), 2 hit(s), 0 error(s), 2 left on base; Chicago 1 - St. Louis 0
BOTTOM OF THE 3RD
St. Louis Browns batting - Pitching for Chicago Machine : RHP Zózimo Pascoal
Batting: LHB Tommy Evans 0-0: Called Strike
0-1: Ball
1-1: SINGLE (Groundball, 6) (infield hit)
Batting: SHB Ryobe Yamamoto 0-0: Ball
1-0: Ball
2-0: Foul Ball, location: 2F
2-1: Ball
3-1: Base on Balls
Tommy Evans to second
Batting: RHB Anthony Rucker 0-0: Ball
1-0: Called Strike
1-1: Fielders Choice at 2nd, 4-6 (Groundball, 34)
Tommy Evans to third
Batting: LHB Stan Hickman 0-0: Called Strike
0-1: Ball
Anthony Rucker steals 2nd base
1-1: Called Strike
1-2: Ball
2-2: Ball
3-2: Foul Ball, location: 2F
3-2: Base on Balls
Batting: LHB Jorge Torres 0-0: Ball
1-0: Ball
2-0: Ground out U3 (Groundball, 34S)
Tommy Evans scores
Anthony Rucker to third
Stan Hickman to second
Batting: LHB Robin Hill 0-0: Ball
1-0: Fly out, F5 (Popup, 56)
Bottom of the 3rd over - 1 run(s), 1 hit(s), 0 error(s), 2 left on base; Chicago 1 - St. Louis 1
TOP OF THE 4TH
Chicago Machine batting - Pitching for St. Louis Browns : LHP Bernardo Miranda
Now at 1B: Joe Sanders
Batting: LHB Kiyonaga Morita 0-0: Ball
1-0: Foul Ball, location: 2F
1-1: Foul Ball, location: 2F
1-2: Strikes out swinging
Batting: SHB Joaquín López 0-0: Ball
1-0: Swinging Strike
1-1: Fly out, F9 (Flyball, 9D)
Batting: SHB Jesús Ramírez 0-0: Foul Ball, location: 2F
0-1: Ball
1-1: Foul Ball, location: 2F
1-2: Ball
2-2: Ball
3-2: Fly out, F7 (Flyball, 7S)
Top of the 4th over - 0 run(s), 0 hit(s), 0 error(s), 0 left on base; Chicago 1 - St. Louis 1
BOTTOM OF THE 4TH
St. Louis Browns batting - Pitching for Chicago Machine : RHP Zózimo Pascoal
Batting: RHB Mario Rosales 0-0: Foul Ball, location: 2F
0-1: Ball
1-1: Fly out, F6 (Line Drive, 6)
Batting: RHB R.J. Parker 0-0: Called Strike
0-1: Foul Ball, location: 2F
0-2: Fly out, F9 (Flyball, 9S)
Batting: RHB José Flores 0-0: Ball
1-0: Ball
2-0: Ball
3-0: Called Strike
3-1: Swinging Strike
3-2: Foul Ball, location: 2F
3-2: Foul Ball, location: 2F
3-2: Base on Balls
Batting: LHB Tommy Evans 0-0: Called Strike
José Flores steals 2nd base
0-1: Ball
1-1: Ball
2-1: Foul Ball, location: 2F
2-2: Ball
3-2: Foul Ball, location: 2F
3-2: Base on Balls
Batting: LHB Joe Sanders 0-0: Ball
1-0: Ball
2-0: Foul Ball, location: 2F
2-1: Foul Ball, location: 2F
2-2: Ball
3-2: Foul Ball, location: 2F
3-2: Base on Balls
José Flores to third
Tommy Evans to second
Batting: RHB Anthony Rucker 0-0: Called Strike
0-1: Swinging Strike
0-2: SINGLE (Groundball, 6D)
José Flores scores
Tommy Evans to third
Joe Sanders to second
Runner from 3rd tries for Home, SAFE, no throw
Batting: LHB Stan Hickman 0-0: Ball
1-0: Called Strike
1-1: Ball
2-1: Called Strike
2-2: Ball
3-2: Base on Balls
Joe Sanders to third
Anthony Rucker to second
Pitching: RHP Shiki Kanno
Batting: LHB Jorge Torres 0-0: Fly out, F9 (Flyball, 89XD)
Bottom of the 4th over - 2 run(s), 1 hit(s), 0 error(s), 3 left on base; Chicago 1 - St. Louis 3
TOP OF THE 5TH
Chicago Machine batting - Pitching for St. Louis Browns : LHP Bernardo Miranda
Batting: RHB Robert Downing 0-0: Ball
1-0: Called Strike
1-1: Fly out, F5 (Popup, 56)
Batting: RHB Luis Martínez 0-0: Swinging Strike
0-1: Ground out 6-3 (Groundball, 6M)
Batting: RHB Paul Swift 0-0: Ball
1-0: Called Strike
1-1: Ground out 6-3 (Groundball, 56)
Top of the 5th over - 0 run(s), 0 hit(s), 0 error(s), 0 left on base; Chicago 1 - St. Louis 3
BOTTOM OF THE 5TH
St. Louis Browns batting - Pitching for Chicago Machine : RHP Shiki Kanno
Batting: LHB Robin Hill 0-0: Swinging Strike
0-1: Ball
1-1: Ball
2-1: Ground out 5-3 (Groundball, 5L)
Batting: RHB Mario Rosales 0-0: Foul Ball, location: 2F
0-1: Ball
1-1: Called Strike
1-2: Fly out, F9 (Flyball, 9D)
Batting: RHB R.J. Parker 0-0: Ball
1-0: Foul Ball, location: 2F
1-1: Called Strike
1-2: Strikes out looking
Bottom of the 5th over - 0 run(s), 0 hit(s), 0 error(s), 0 left on base; Chicago 1 - St. Louis 3
TOP OF THE 6TH
Chicago Machine batting - Pitching for St. Louis Browns : LHP Bernardo Miranda
Batting: SHB Edward Bartlett 0-0: Called Strike
0-1: Foul Ball, location: 2F
0-2: Ball
1-2: Foul Ball, location: 2F
1-2: Ball
2-2: SINGLE (Groundball, 6MD)
Batting: RHB Doug Stephens 0-0: Foul Ball, location: 2F
0-1: Foul Ball, location: 2F
0-2: Ball
1-2: Foul Ball, location: 2F
1-2: Foul Ball, location: 2F
1-2: Ball
2-2: Ball
3-2: Base on Balls
Edward Bartlett to second
Pitching: RHP Ramón Silva
Batting: RHB Matt Doyle 0-0: Foul Ball, location: 2F
0-1: Foul Ball, location: 2F
0-2: Ball
1-2: Foul Ball, location: 2F
1-2: Strikes out swinging
Batting: LHB Kiyonaga Morita 0-0: Called Strike
0-1: Fly out, F2 (Popup, 3S)
Batting: SHB Joaquín López 0-0: Ball
1-0: Called Strike
1-1: Called Strike
1-2: Ball
2-2: Ball
3-2: Strikes out looking
Top of the 6th over - 0 run(s), 1 hit(s), 0 error(s), 2 left on base; Chicago 1 - St. Louis 3
BOTTOM OF THE 6TH
St. Louis Browns batting - Pitching for Chicago Machine : RHP Shiki Kanno
Batting: RHB José Flores 0-0: Ball
1-0: Foul Ball, location: 2F
1-1: SINGLE (Groundball, 4MD)
Batting: LHB Tommy Evans 0-0: Ball
1-0: Called Strike
1-1: Grounds out, U3 (Groundball, 3L)
Batting: LHB Joe Sanders 0-0: Ball
1-0: Ball
2-0: Ball
3-0: Called Strike
3-1: Foul Ball, location: 2F
3-2: Base on Balls
Batting: RHB Anthony Rucker 0-0: Ball
José Flores steals 3rd base
Joe Sanders to second
1-0: Called Strike
1-1: Ball
2-1: Ball
3-1: Base on Balls
Batting: LHB Stan Hickman 0-0: Called Strike
0-1: Grounds into double play, 3-2-3 (Groundball, 3)
Bottom of the 6th over - 0 run(s), 1 hit(s), 0 error(s), 2 left on base; Chicago 1 - St. Louis 3
TOP OF THE 7TH
Chicago Machine batting - Pitching for St. Louis Browns : RHP Ramón Silva
Batting: SHB Jesús Ramírez 0-0: Swinging Strike
0-1: Called Strike
0-2: Ball
1-2: Strikes out looking
Batting: RHB Robert Downing 0-0: SINGLE (Line Drive, 89S)
Batting: RHB Luis Martínez 0-0: Called Strike
Robert Downing steals 2nd base
0-1: Called Strike
0-2: Foul Ball, location: 2F
0-2: Foul Ball, location: 2F
0-2: Ball
1-2: Strikes out swinging
Batting: RHB Paul Swift 0-0: Ball
1-0: Ball
2-0: Ball
3-0: Base on Balls
Batting: SHB Edward Bartlett 0-0: Swinging Strike
0-1: Called Strike
0-2: Strikes out swinging
Top of the 7th over - 0 run(s), 1 hit(s), 0 error(s), 2 left on base; Chicago 1 - St. Louis 3
BOTTOM OF THE 7TH
St. Louis Browns batting - Pitching for Chicago Machine : RHP Shiki Kanno
Batting: LHB Jorge Torres 0-0: Ground out U3 (Groundball, 34)
Batting: LHB Robin Hill 0-0: Ball
1-0: Ground out 4-3 (Groundball, 4)
Batting: RHB Mario Rosales 0-0: Called Strike
0-1: Ball
1-1: Fly out, F9 (Flyball, 9)
Bottom of the 7th over - 0 run(s), 0 hit(s), 0 error(s), 0 left on base; Chicago 1 - St. Louis 3
TOP OF THE 8TH
Chicago Machine batting - Pitching for St. Louis Browns : RHP Ramón Silva
Batting: RHB Doug Stephens 0-0: Foul Ball, location: 2F
0-1: Ball
1-1: Ball
2-1: Ball
3-1: Base on Balls
Batting: RHB Matt Doyle 0-0: Ball
1-0: Foul Ball, location: 2F
1-1: Called Strike
1-2: Ball
2-2: Ball
3-2: Fly out, F7 (Line Drive, 7D)
Pitching: LHP Santiago Valentín
Batting: LHB Kiyonaga Morita 0-0: Ball
1-0: Grounds into double play, 4-6-3 (Groundball, 4)
Top of the 8th over - 0 run(s), 0 hit(s), 0 error(s), 0 left on base; Chicago 1 - St. Louis 3
BOTTOM OF THE 8TH
St. Louis Browns batting - Pitching for Chicago Machine : RHP Shiki Kanno
Batting: RHB R.J. Parker 0-0: Called Strike
0-1: Ball
1-1: Ball
2-1: Fly out, F9 (Flyball, 9D)
Batting: RHB José Flores 0-0: Called Strike
0-1: Ground out 4-3 (Groundball, 4S)
Batting: LHB Tommy Evans 0-0: Ball
1-0: Foul Ball, location: 2F
1-1: Ball
2-1: Ball
3-1: Called Strike
3-2: Foul Ball, location: 2F
3-2: SINGLE (Groundball, 6D)
Pitching: RHP Howard Joyce
Batting: LHB Joe Sanders 0-0: Fly out, F4 (Line Drive, 4)
Bottom of the 8th over - 0 run(s), 1 hit(s), 0 error(s), 1 left on base; Chicago 1 - St. Louis 3
TOP OF THE 9TH
Chicago Machine batting - Pitching for St. Louis Browns : LHP Santiago Valentín
Pitching: LHP Brent Miller
Batting: SHB Joaquín López 0-0: Ball
1-0: Foul Ball, location: 2F
1-1: Swinging Strike
1-2: Ball
2-2: Ball
3-2: Strikes out swinging
Batting: SHB Jesús Ramírez 0-0: Ball
1-0: Foul Ball, location: 2F
1-1: Ball
2-1: Foul Ball, location: 2F
2-2: Foul Ball, location: 2F
2-2: Foul Ball, location: 2F
2-2: Strikes out swinging
Batting: RHB Robert Downing 0-0: Called Strike
0-1: Ball
1-1: Ball
2-1: Fly out, F8 (Flyball, 8LS)
Top of the 9th over - 0 run(s), 0 hit(s), 0 error(s), 0 left on base; Chicago 1 - St. Louis 3
Thursday, March 30th, 2017 - OOTP Baseball 17.12 Build 75